 Dungeon Crawl Stone Soup version 0.23.2-30-g0e89c35649 (webtiles) character file.

Game seed: 5685589629085042193

54 Solarlg the Shooter (level 3, 0/29 HPs)
             Began as a Centaur Hunter on June 10, 2019.
             Slain by an adder (2 damage)
             ... on level 2 of the Dungeon.
             The game lasted 00:08:44 (1487 turns).

Solarlg the Shooter (Centaur Hunter)                Turns: 1487, Time: 00:08:45

Health: 0/29       AC:  4    Str: 15    XL:     3   Next: 66%
Magic:  3/3        EV:  9    Int: 10    God:
Gold:   90         SH:  0    Dex:  9    Spells: 2/2 levels left

rFire    . . .     SeeInvis .   a - +1 shortbow
rCold    . . .     Gourm    .   (shield currently unavailable)
rNeg     . . .     Faith    .   l - +0 leather armour (curse)
rPois    .         Spirit   .   (no helmet)
rElec    .         Reflect  .   (no cloak)
rCorr    .         Harm     .   (no gloves)
MR       .....                  (no barding)
Stlth    +.........             (no amulet)
HPRegen  0.09/turn              (no ring)
MPRegen  0.08/turn              (no ring)

@: lethally poisoned (0 -> -4), very quick
A: large, hooves 3, deformed body, speed 2, tough skin 3
a: no special abilities


You were on level 2 of the Dungeon.
You were very hungry.

You visited 1 branch of the dungeon, and saw 2 of its levels.

You collected 90 gold pieces.

Inventory:

Hand Weapons
 a - a +1 shortbow (weapon)
 b - a +0 short sword
Missiles
 d - 8 arrows (quivered)
Armour
 l - a cursed +0 leather armour (worn)
Scrolls
 e - 3 scrolls of random uselessness {unknown}
 g - a scroll of magic mapping {unknown}
 i - 3 scrolls of teleportation {unknown}
 j - a scroll of enchant weapon {unknown}
Potions
 c - a potion of curing {unknown}
 h - a potion of haste {unknown}
Comestibles
 f - 2 rations


   Skills:
 - Level 2.1 Fighting
 + Level 7.1 Bows
 - Level 1.3 Dodging
 - Level 0.4 Stealth


You had 2 spell levels left.
You didn't know any spells.
Your spell library was empty.

Dungeon Overview and Level Annotations

Branches:
Dungeon (2/15)

Altars:
Cheibriados
Gozag
Kikubaaqudgha
Trog
The Shining One


Innate Abilities, Weirdness & Mutations

You have hooves in place of feet.
Armour fits poorly on your strangely shaped body.
You cover ground very quickly.
You have extremely tough skin. (AC +3)


Message History

You clumsily bash the worm but do no damage.
You kick the worm.
The worm is almost dead.
The worm bites you!
You clumsily bash the worm but do no damage.
You kick the worm.
You kill the worm!
The adder bites you but does no damage.
You barely miss the adder. Your kick misses the adder. The adder bites you.
* * * LOW HITPOINT WARNING * * *
You are poisoned.
The adder poisons you! The adder bites you but does no damage.
You barely miss the adder.
* * * LOW HITPOINT WARNING * * *
You feel sick. The adder closely misses you. The adder bites you.
* * * LOW HITPOINT WARNING * * *
You barely miss the adder. Your kick misses the adder.
* * * LOW HITPOINT WARNING * * *
You feel sick. The adder bites you but does no damage. The adder bites you.
You die...

#...)###..##......
#.##..† #..#...##.
#...##. #.##..#
##.#....## ##..#
..#.... #.##....#
.#..# #.##....
#..##...##.#..# ..
#....
##..##...#.##.#
#.... #..###.#..#
#... #.....#..#
.... ####.@S..#
#####.# .. .# <.
.. .


You could see an adder.

Vanquished Creatures
  2 oozes (D:2)
  A worm (D:2)
  2 dart slugs
  A leopard gecko (D:1)
  4 giant cockroaches
  3 goblins (D:1)
  5 hobgoblins
  2 jackals (D:1)
  6 kobolds
  5 bats
  2 frilled lizards (D:1)
  2 rats (D:1)
35 creatures vanquished.

Notes
Turn   | Place    | Note
-------+----------+-------------------------------------------
     0 | D:1      | Solarlg the Centaur Hunter began the quest for the Orb.
     0 | D:1      | Reached XP level 1. HP: 17/17 MP: 1/1
   186 | D:1      | Reached XP level 2. HP: 19/24 MP: 2/2
   303 | D:1      | Reached skill level 6 in Bows
   869 | D:1      | Reached XP level 3. HP: 29/29 MP: 3/3
  1081 | D:2      | Found an opulent altar of Gozag.
  1086 | D:2      | Found a glowing golden altar of the Shining One.
  1086 | D:2      | Found a bloodstained altar of Trog.
  1089 | D:2      | Found an ancient bone altar of Kikubaaqudgha.
  1089 | D:2      | Found a snail-covered altar of Cheibriados.
  1276 | D:2      | Reached skill level 7 in Bows
  1487 | D:2      | Slain by an adder

Skill      XL: |  1  2  3 |
---------------+----------+-----
Bows           | 6 7 |  7.1
Fighting       | |  2.1
Dodging        | |  1.3
Stealth        | |  0.4

Action                   || total
-------------------------++-------
Melee: Shortbow          ||   102
       Kick              ||    25
 Fire: Shortbow          ||    69
Armor: Leather armour    ||    67
Dodge: Dodged            ||   100
